AoeStats
← Bukkake

Four Lakes

510232645Analyzed
1v1 RM · 3d ago on Sep 30, 2026· 39m 19s· 2 players
Game mode
Random Map
Map size
Tiny (2 player)
Population
200
Speed
Normal
Resources
Standard
Victory
Conquest
Starting age
Dark Age
Ending age
Imperial Age
RankedLock teamsTeams togetherTeam positionsShared explorationLock speedFull tech treeHidden civsTurbo modeCheats
Victory
Defeat
🇦🇷 Franks · Argentina
909
+15
🇦🇺 Japanese · Australia
897
-15
Bukkake
10:03 Feudal Age
10:28 Loom
14:32 Castle Age
13:01 Double-Bit Axe
14:50 Fletching
20:51 Bodkin Arrow
36:34 Forging
Emaime
5:40 Loom
12:28 Feudal Age
15:46 Forging
15:42 Scale Barding Armor
20:20 Wheelbarrow
24:13 Castle Age
23:28 Gold Mining
24:17 Elite Skirmisher
25:35 Fletching
26:36 Bodkin Arrow
26:42 Padded Archer Armor
28:18 Double-Bit Axe
30:36 Hand Cart
30:54 Husbandry
35:56 Gold Shaft Mining
40:41 Imperial Age
39:27 Iron Casting
39:13 Chain Barding Armor
Connection lost

Rejoining the realm…

Still unreachable

The connection could not be restored.

Session expired

The server has moved on; the page needs a fresh start.